 Dungeon Crawl Stone Soup version 0.31.0-9-g3a7656b989 (webtiles) character file.

Game seed: 16949667605087539654

1967 qw the Skirmisher (level 9, 0/51 HPs)
             Began as a Deep Elf Hunter on Feb 2, 2024.
             Was a Believer of Okawaru.
             Slain by a sky beast (5 damage)
             ... on level 7 of the Dungeon.
             The game lasted 00:00:27 (5588 turns).

qw the Skirmisher (Deep Elf Hunter)                 Turns: 5588, Time: 00:00:28

Health: 0/51       AC: 10    Str: 12    XL:     9   Next: 0%
Magic:  14/14      EV: 14    Int: 15    God:    Okawaru [**....]
Gold:   531        SH:  0    Dex: 18    Spells: 8/8 levels left

rFire   . . .        c - +0 hand cannon (freeze)
rCold   . . .        (no shield)
rNeg    . . .        f - +0 acid dragon scales
rPois   .            e - +0 helmet
rElec   .            (no cloak)
rCorr   +            a - +0 pair of gloves
SInv    .            (no boots)
Will    .....        i - amulet of faith
Stlth   ++           (no ring)
HPRegen 0.28/turn    (no ring)
MPRegen 0.14/turn

%: faith
@: no status effects
A: iridescent scales 1
a: Renounce Religion, Heroism


You were on level 7 of the Dungeon.
You worshipped Okawaru.
Okawaru was pleased with you.
You visited 2 branches of the dungeon, and saw 8 of its levels.

You collected 531 gold pieces.


Innate Abilities, Weirdness & Mutations

You are partially covered in iridescent scales. (AC +2)


   Skills:
 - Level 3.2 Fighting
 + Level 13.4 Ranged Weapons
 - Level 1.1 Armour
 - Level 5.0 Dodging
 - Level 1.2 Stealth
 - Level 4.0 Invocations


You had 8 spell levels left.
You didn't know any spells.
Your spell library was empty.

Inventory:

Hand Weapons
 c - a +0 hand cannon of freezing (weapon)
Armour
 a - a +0 pair of gloves (worn)
 e - a +0 helmet (worn)
 f - +0 acid dragon scales (worn)
Jewellery
 i - an amulet of faith (around neck)
Wands
 k - a wand of flame (47)
 m - a wand of mindburst (11)
Scrolls
 b - 2 scrolls of identify
 h - 3 scrolls of teleportation
 j - a scroll of vulnerability {unknown}
 l - a scroll of immolation {unknown}
Potions
 d - 3 potions of mutation
 g - 2 potions of curing

Dungeon Overview and Level Annotations

Branches:
Dungeon (7/15)             Temple (1/1) D:6

Altars:
Ashenzari
Cheibriados
Dithmenos
Fedhas
Gozag
Hepliaklqana
Kikubaaqudgha
Makhleb
Nemelex Xobeh
Okawaru
Qazlal
Ru
Sif Muna
Trog
Uskayaw
Vehumet
Wu Jian
Xom
Yredelemnul
Zin

Annotations:
D:2 1 runed translucent door, Crazy Yiuf


Message History

The orc hits you but does no damage. The orc completely misses you.
The orc hits you but does no damage.
The gnoll hits you from afar with a +0 halberd.
You shoot a bolt. The bolt barely misses the orc.
The bolt hits the sky beast.
The bolt freezes the sky beast.
The sky beast is moderately wounded.
The orc closely misses you. The orc barely misses you.
The orc hits you but does no damage.
The gnoll hits you from afar with a +0 halberd.
You shoot a bolt. The bolt hits the sky beast.
The bolt freezes the sky beast.
The sky beast is heavily wounded.
The orc misses you. The orc barely misses you. x2
The gnoll hits you from afar with a +0 halberd.
The sky beast barely misses you.
You shoot a bolt. The bolt hits the sky beast!
The bolt freezes the sky beast.
The sky beast is almost dead.
The sky beast flickers out of sight!
Deactivating autopickup; reactivate with Ctrl-A.
Something hits you but does no damage. The orc barely misses you. x2
The orc hits you but does no damage. The gnoll misses you.
The gnoll hits you from afar with a +0 halberd.
Something hits you but does no damage. The orc misses you. x2
The orc hits you but does no damage.
You shoot a bolt. The bolt hits the orc!
The bolt freezes the orc.
You kill the orc!
Okawaru accepts your kill. Something hits you but does no damage.
The orc hits you but does no damage. The orc hits you with a +0 mace.
The gnoll hits you but does no damage.
You shoot a bolt. The bolt hits the orc!
The bolt freezes the orc.
You kill the orc!
Okawaru accepts your kill. Something hits you. Something shocks you.
The orc barely misses you. The gnoll closely misses you.
You shoot a bolt. The bolt hits the orc!!
The bolt freezes the orc.
You kill the orc!
Okawaru accepts your kill. Something hits you but does no damage.
The gnoll hits you from afar with a +0 halberd.
The gnoll barely misses you. Something hits you. Something shocks you.
You die...

(#.....................
.#..............#####.##
#..#............# #.#
#.......#..####.# #.#
#.......#.## ..# #.#
#.......#.###..## ..#
..........>...# ..
......ยค.{..####
......0@))..#
.......)0.......
.....g........##
................
..........<...#..
....../.......#.#
.)...###...#### .....
##.#


You could see a gnoll.

Vanquished Creatures
  Maggie (D:6)
  A steam dragon (D:7)
  An ogre (D:5)
  2 kobold brigands
  A gnoll sergeant (D:7)
  A bullfrog (D:6)
  4 scorpions
  3 gnoll boudas
  An orc priest (D:7)
  9 hounds
  Jessica (D:2)
  2 iguanas (D:6)
  Terence (D:2)
  A sleepcap (D:4)
  5 orc wizards
  10 gnolls
  10 adders
  A white imp (D:5)
  2 ufetubi (D:5)
  A ribbon worm (D:2)
  5 dart slugs
  12 orcs
  7 bats
  12 endoplasms
  7 giant cockroaches
  5 goblins
  13 hobgoblins
  A jackal (D:2)
  16 kobolds
  6 quokkas
  9 ball pythons
  A frilled lizard (D:2)
  5 rats
157 creatures vanquished.

Notes
Turn   | Place    | Note
-------+----------+-------------------------------------------
     0 | D:1      | qw the Deep Elf Hunter began the quest for the Orb.
     0 | D:1      | Reached XP level 1. HP: 12/12 MP: 3/3
     0 | D:1      | 0 ||| qw: Version: 0.3-a-155-g5e7d8dd
     0 | D:1      | 0 ||| qw: Game counter: 2677
     0 | D:1      | 0 ||| qw: Melee chars always use a shield: true
     0 | D:1      | 0 ||| qw: God list: Okawaru
     0 | D:1      | 0 ||| qw: Allow faded altars: false
     0 | D:1      | 0 ||| qw: Do Orc after clearing Dungeon:15 true
     0 | D:1      | 0 ||| qw: Do second Lair branch before Depths: true
     0 | D:1      | 0 ||| qw: Lair rune preference: random
     0 | D:1      | 0 ||| qw: Goals: Normal
     0 | D:1      | 0 ||| PLANNING D:1-11
    67 | D:1      | Reached XP level 2. HP: 16/16 MP: 4/4
    72 | D:1      | Reached skill level 6 in Ranged Weapons
   334 | D:1      | Reached XP level 3. HP: 20/20 MP: 5/5
   633 | D:1      | 633 ||| READING scroll labelled KICHACW VAAJ.
   637 | D:1      | 637 ||| READING scroll labelled QUDOOH TYUHOMP.
   676 | D:1      | 676 ||| DROPPING scroll of butterflies.
   691 | D:2      | Noticed Jessica
   697 | D:2      | Killed Jessica
   698 | D:2      | Reached skill level 7 in Ranged Weapons
   813 | D:2      | Found a runed translucent door.
   814 | D:2      | Noticed Crazy Yiuf
   909 | D:2      | Reached XP level 4. HP: 25/25 MP: 6/6
   991 | D:2      | Noticed Terence
   992 | D:2      | 992 ||| FLEEEEING.
   993 | D:2      | 993 ||| FLEEEEING.
   995 | D:2      | 995 ||| FLEEEEING.
   996 | D:2      | 996 ||| FLEEEEING.
   997 | D:2      | 997 ||| FLEEEEING.
   998 | D:2      | 998 ||| FLEEEEING.
   999 | D:2      | 999 ||| FLEEEEING.
  1000 | D:2      | 1000 ||| FLEEEEING.
  1001 | D:2      | 1001 ||| FLEEEEING.
  1002 | D:2      | 1002 ||| FLEEEEING.
  1003 | D:2      | 1003 ||| FLEEEEING.
  1004 | D:2      | 1004 ||| FLEEEEING.
  1005 | D:2      | 1005 ||| FLEEEEING.
  1006 | D:2      | 1006 ||| FLEEEEING.
  1007 | D:2      | 1007 ||| FLEEEEING.
  1009 | D:2      | 1009 ||| FLEEEEING.
  1010 | D:2      | 1010 ||| FLEEEEING.
  1011 | D:2      | 1011 ||| FLEEEEING.
  1012 | D:2      | 1012 ||| FLEEEEING.
  1013 | D:2      | 1013 ||| FLEEEEING.
  1014 | D:2      | 1014 ||| FLEEEEING.
  1015 | D:2      | 1015 ||| FLEEEEING.
  1016 | D:2      | 1016 ||| FLEEEEING.
  1017 | D:2      | 1017 ||| FLEEEEING.
  1018 | D:2      | 1018 ||| FLEEEEING.
  1019 | D:2      | 1019 ||| FLEEEEING.
  1020 | D:2      | 1020 ||| FLEEEEING.
  1021 | D:2      | 1021 ||| FLEEEEING.
  1022 | D:2      | 1022 ||| FLEEEEING.
  1023 | D:2      | 1023 ||| FLEEEEING.
  1036 | D:2      | Killed Terence
  1037 | D:2      | Reached skill level 8 in Ranged Weapons
  1607 | D:2      | 1607 ||| UPGRADING to +0 helmet.
  1612 | D:2      | 1612 ||| READING scroll labelled GILUWI YKITAORCH.
  1613 | D:2      | 1613 ||| READING scroll labelled ETOKEMMEPA.
  1614 | D:2      | 1614 ||| READING scroll labelled TENWARA PUAHU.
  1616 | D:2      | 1616 ||| Stepping ~*~*~tactically~*~*~ (cloud).
  1620 | D:2      | HP: 6/25 [poisoned by you (poison gas)]
  1625 | D:2      | HP: 3/25 [poisoned by you (poison gas)]
  1890 | D:3      | Reached XP level 5. HP: 29/29 MP: 7/7
  1935 | D:3      | Found a shimmering blue altar of Sif Muna.
  2214 | D:3      | Found an opulent altar of Gozag.
  2536 | D:3      | 2536 ||| UPGRADING to +0 ring mail.
  2546 | D:3      | 2546 ||| DROPPING +0 leather armour.
  2547 | D:3      | 2547 ||| DROPPING scarf of invisibility.
  2548 | D:3      | 2548 ||| UPGRADING to amulet of faith.
  2553 | D:3      | 2553 ||| READING scroll labelled XAPOWU FEUWKU.
  2553 | D:3      | Identified a scroll of acquirement
  2553 | D:3      | 2553 ||| ACQUIRING +0 hand cannon of draining
  2553 | D:3      | Acquired a +0 hand cannon of draining
  2555 | D:3      | 2555 ||| SWAPPING to +0 hand cannon of draining.
  2556 | D:3      | 2556 ||| DROPPING +0 shortbow.
  2557 | D:3      | 2557 ||| READING scroll labelled JOUTHR GAOQOT.
  2570 | D:4      | 2570 ||| STAIRDANCE
  2575 | D:4      | 2575 ||| STAIRDANCE
  2584 | D:4      | Reached skill level 9 in Ranged Weapons
  2586 | D:4      | 2586 ||| STAIRDANCE
  2896 | D:4      | Reached XP level 6. HP: 34/35 MP: 8/8
  3216 | D:4      | 3216 ||| READING scroll labelled FODWIPS GUNUT.
  3217 | D:4      | 3217 ||| DRINKING 3 fizzy cyan potions.
  3217 | D:4      | Gained mutation: You are partially covered in iridescent
                  | scales. (AC +2) [potion of mutation]
  3242 | D:5      | Entered Level 5 of the Dungeon
  3267 | D:5      | Reached skill level 10 in Ranged Weapons
  3341 | D:5      | Reached skill level 3 in Dodging
  3350 | D:5      | 3350 ||| FLEEEEING.
  3351 | D:5      | 3351 ||| FLEEEEING.
  3352 | D:5      | 3352 ||| FLEEEEING.
  3353 | D:5      | 3353 ||| FLEEEEING.
  3354 | D:5      | 3354 ||| FLEEEEING.
  3355 | D:5      | 3355 ||| FLEEEEING.
  3356 | D:5      | 3356 ||| FLEEEEING.
  3357 | D:5      | 3357 ||| FLEEEEING.
  3358 | D:5      | 3358 ||| FLEEEEING.
  3359 | D:5      | 3359 ||| FLEEEEING.
  3360 | D:5      | 3360 ||| FLEEEEING.
  3361 | D:5      | 3361 ||| FLEEEEING.
  3362 | D:5      | 3362 ||| FLEEEEING.
  3363 | D:5      | 3363 ||| FLEEEEING.
  3364 | D:5      | 3364 ||| FLEEEEING.
  3365 | D:5      | 3365 ||| FLEEEEING.
  3366 | D:5      | 3366 ||| FLEEEEING.
  3367 | D:5      | 3367 ||| FLEEEEING.
  3368 | D:5      | 3368 ||| FLEEEEING.
  3369 | D:5      | 3369 ||| FLEEEEING.
  3370 | D:5      | 3370 ||| FLEEEEING.
  3371 | D:5      | 3371 ||| FLEEEEING.
  3373 | D:5      | 3373 ||| FLEEEEING.
  3374 | D:5      | 3374 ||| FLEEEEING.
  3375 | D:5      | 3375 ||| FLEEEEING.
  3376 | D:5      | 3376 ||| FLEEEEING.
  3377 | D:5      | 3377 ||| FLEEEEING.
  3378 | D:5      | 3378 ||| FLEEEEING.
  3379 | D:5      | 3379 ||| FLEEEEING.
  3380 | D:5      | 3380 ||| FLEEEEING.
  3381 | D:5      | 3381 ||| FLEEEEING.
  3383 | D:5      | 3383 ||| FLEEEEING.
  3384 | D:5      | 3384 ||| FLEEEEING.
  3385 | D:5      | 3385 ||| FLEEEEING.
  3386 | D:5      | 3386 ||| FLEEEEING.
  3387 | D:5      | 3387 ||| FLEEEEING.
  3388 | D:5      | 3388 ||| FLEEEEING.
  3389 | D:5      | 3389 ||| FLEEEEING.
  3390 | D:5      | 3390 ||| FLEEEEING.
  3390 | D:5      | HP: 3/35 [orc wizard/puff of flame (9)]
  3391 | D:5      | 3391 ||| READING 2 scrolls of teleportation.
  3392 | D:5      | 3392 ||| FLEEEEING.
  3393 | D:5      | 3393 ||| FLEEEEING.
  3532 | D:5      | Reached skill level 1 in Armour
  3679 | D:5      | Reached XP level 7. HP: 40/40 MP: 9/9
  3807 | D:5      | Found an ornate altar of the Wu Jian Council.
  3933 | D:5      | You fall into a shaft and drop 1 floor!
  4030 | D:6      | 4030 ||| UPGRADING to +0 pair of gloves.
  4035 | D:6      | 4035 ||| READING 3 scrolls labelled KUDILAI YXZYEKH.
  4035 | D:6      | 4035 ||| IDENTIFYING pink potion
  4036 | D:6      | 4036 ||| READING 2 scrolls of identify.
  4036 | D:6      | 4036 ||| IDENTIFYING coppery potion
  4037 | D:6      | 4037 ||| READING scroll of identify.
  4037 | D:6      | 4037 ||| IDENTIFYING 2 viscous puce potions
  4038 | D:6      | 4038 ||| DROPPING 2 potions of degeneration.
  4318 | D:6      | Reached skill level 11 in Ranged Weapons
  4323 | D:6      | Found a staircase to the Ecumenical Temple.
  4324 | D:6      | 4324 ||| PLANNING TEMPLE
  4330 | Temple   | Entered the Ecumenical Temple
  4331 | Temple   | 4331 ||| PLANNING OKAWARU WORSHIP
  4334 | Temple   | Became a worshipper of Warmaster Okawaru
  4335 | Temple   | 4335 ||| PLANNING D:1-11
  4422 | D:6      | Found a broken altar of Ashenzari.
  4501 | D:6      | Noticed Maggie
  4503 | D:6      | 4503 ||| DRINKING potion of haste.
  4513 | D:6      | Killed Maggie
  4514 | D:6      | Reached skill level 12 in Ranged Weapons
  4514 | D:6      | Reached XP level 8. HP: 17/44 MP: 10/10
  4516 | D:6      | Reached * piety under Okawaru
  4679 | D:6      | Found a stormy altar of Qazlal.
  4830 | D:6      | Reached skill level 3 in Fighting
  5059 | D:6      | Reached skill level 1 in Invocations
  5066 | D:6      | Found a sacrificial altar of Ru.
  5067 | D:6      | 5067 ||| UPGRADING to +0 acid dragon scales.
  5077 | D:6      | 5077 ||| DROPPING +0 ring mail.
  5078 | D:6      | 5078 ||| READING scroll labelled GAMODU CAKUSUE.
  5078 | D:6      | 5078 ||| BRANDING +0 hand cannon of draining.
  5127 | D:7      | 5127 ||| Stepping ~*~*~tactically~*~*~ (cloud).
  5130 | D:7      | 5130 ||| Stepping ~*~*~tactically~*~*~ (cloud).
  5226 | D:7      | Reached skill level 13 in Ranged Weapons
  5226 | D:7      | Reached skill level 3 in Invocations
  5238 | D:7      | Reached ** piety under Okawaru
  5581 | D:7      | Reached XP level 9. HP: 38/51 MP: 14/14
  5588 | D:7      | HP: 8/51 [gnoll/+0 halberd (5)]
  5588 | D:7      | Slain by a sky beast

Levels and vault maps discovered:
D:1:      wander_arrival_abandoned_jail, layout_loops_ring, st_stairs_2,
          minmay_indecisive_spiral
D:2:      layout_basic, minmay_increasing_density, uniq_crazy_yiuf_cottage,
          uniq_jessica, uniq_terence
D:3:      layout_basic, nicolae_gozag_seed_capital,
          mainiacjoe_overflow_alcove_2, serial_glass, glass_columns_a,
          glass_columns_b
D:4:      layout_loops_ring
D:5:      layout_layer_cave, kennysheep_mini
D:6:      layout_gridville, nicolae_ashenzari_panopticon,
          nicolae_qazlal_general_emergency, lemuel_coloured_pillars_altar,
          minmay_temple_entry_overgrown, minivault_26, blue_anna_alchemist,
          nrook_campfire, uniq_maggie
D:7:      kennysheep_housing_project, layout_rooms, nicolae_beast_mode,
          uniq_duvessa
Temple:   zaba_magenta_temple

Skill      XL: |  1  2  3  4  5  6  7  8 |
---------------+-------------------------+-----
Ranged Weapons | 6 7 8 9 10 12 13 | 13.4
Fighting       | 2 3 |  3.2
Dodging        | 3 5 |  5.0
Armour         | 1 |  1.1
Invocations    | 4 |  4.0
Stealth        | |  1.2

Action                     |  1- 3 |  4- 6 |  7- 9 || total
---------------------------+-------+-------+-------++-------
   Fire: Shortbow          |    70 |   116 |       ||   186
         Hand cannon       |       |    87 |   130 ||   217
    Use: Scroll            |     2 |     7 |     4 ||    13
         Potion            |       |     1 |     1 ||     2
 Armour: Leather armour    |     7 |    25 |       ||    32
         Ring mail         |       |    49 |    18 ||    67
         Acid dragon scale |       |       |    61 ||    61
  Dodge: Dodged            |     6 |    53 |   110 ||   169

Table legend:
 A = Non-vault XP
 B = Vault XP
 C = Vault XP percentage of total XP
 D = Non-vault monster count
 E = Vault monster count
 F = Vault count percentage of total count
                 A         B        C        D         E       F
            +---------+---------+-------+---------+---------+-------
      Total |    1607 |    1206 |  42.9 |     117 |      40 |  25.5
            +---------+---------+-------+---------+---------+-------
        D:1 |      35 |      12 |  25.5 |      20 |       6 |  23.1
        D:2 |      44 |      88 |  66.7 |      19 |      10 |  34.5
        D:3 |      86 |       0 |   0.0 |      21 |       0 |   0.0
        D:4 |     220 |       0 |   0.0 |      21 |       0 |   0.0
        D:5 |     422 |       0 |   0.0 |      13 |       0 |   0.0
        D:6 |     487 |     498 |  50.6 |      13 |       2 |  13.3
        D:7 |     313 |     608 |  66.0 |      10 |      22 |  68.8
            +---------+---------+-------+---------+---------+-------
